 Dungeon Crawl Stone Soup version 0.29-a0-837-g174bc33 (webtiles) character file.

Game seed: 12612531515843466103

154 GeorgeSoros the Chiller (level 5, -9/35 HPs)
             Began as a Demonspawn Ice Elementalist on July 12, 2022.
             Killed by nerve-wracking pain
             ... invoked by Grinder
              (14 damage)
             ... on level 3 of the Dungeon.
             The game lasted 00:10:01 (3187 turns).

GeorgeSoros the Chiller (DsIE)                      Turns: 3187, Time: 00:10:03

Health: -9/35      AC:  5    Str:  8    XL:     5   Next: 13%
Magic:  0/8        EV: 11    Int: 19    God:
Gold:   78         SH:  0    Dex: 13    Spells: 1/8 levels left

rFire   . . .      SeeInvis .   c - +0 trident
rCold   . . .      Faith    .   (no shield)
rNeg    . . .      Spirit   +   f - +0 leather armour
rPois   .          Reflect  .   d - +0 helmet
rElec   .          Harm     .   (no cloak)
rCorr   .          Rampage  .   i - +0 pair of gloves
Will    .....                   (no boots)
Stlth   ++........              m - amulet of guardian spirit
HPRegen 0.11/turn               k - ring of wizardry
MPRegen 0.11/turn               (no ring)

@: no status effects
A: claws 2
a: no special abilities


You were on level 3 of the Dungeon.
You visited 1 branch of the dungeon, and saw 3 of its levels.

You collected 78 gold pieces.

Inventory:

Hand Weapons
 c - a +0 trident (weapon)
 e - a +0 hand axe
Armour
 a - a +0 robe
 d - a +0 helmet (worn)
 f - a +0 leather armour (worn)
 i - a +0 pair of gloves (worn)
Jewellery
 k - a ring of wizardry (left hand)
 m - an amulet of guardian spirit (around neck)
Scrolls
 g - 2 scrolls of identify
 j - a scroll of fog
Potions
 b - a potion of magic
 h - 2 potions of curing
 l - a potion of lignification
 o - a potion of haste


   Skills:
 + Level 3.0 Armour
 - Level 1.7 Dodging
 - Level 1.7 Stealth
 - Level 2.0 Spellcasting
 + Level 4.8 Ice Magic


You had one spell level left.
You knew the following spells:

 Your Spells              Type           Power      Damage    Failure   Level
a - Freeze                Ice            80%        1d9       1%          1
b - Frozen Ramparts       Ice            40%        1d6       4%          3
c - Ozocubu's Armour      Ice            20%        N/A       4%          3

Your spell library contained the following spells:

 Spells                   Type           Power      Damage    Failure   Level
 Apportation              Tloc           2%         N/A       10%         1
 Necrotise                Necr           4%         1d4       10%         1
 Summon Small Mammal      Summ           4%         N/A       10%         1
 Dazzling Flash           Conj/Hex       2%         N/A       26%         3
 Hailstorm                Conj/Ice       11%        3d5       32%         4
 Iskenderun's Mystic Bla  Conj/Tloc      1%         2d3       65%         4
 Starburst                Conj/Fire      0%         6d3       100%        6


Dungeon Overview and Level Annotations

Branches:
Dungeon (3/15)

Altars:
Fedhas

Annotations:
D:3 Grinder


Innate Abilities, Weirdness & Mutations

You have very sharp fingernails.


Message History

As you read the scroll of summoning, it crumbles to dust.
Wisps of shadow whirl around you... Grinder gestures at you.
You barely resist. You puncture Grinder!
Grinder is heavily wounded.
Grinder hits you but does no damage.
Your giant cockroach bites Grinder.
Your icy armour will break if you move.
Continue?
You swap places.
Your icy armour cracks and falls away as you move.
Grinder hits your goblin.
Your goblin writhes in agony.
Your goblin dies!
Your goblin's corpse dissolves into shadows!
Your giant cockroach barely misses Grinder.
Found a scroll of fog.
Grinder blinks!
You start resting.
Your frilled lizard bites Grinder.
You are too injured to fight recklessly!
You aren't carrying any items that you can evoke.
Unknown command.
Reach: c) +0 trident
Press: ? - help, Dir - move target, f/p - Grinder
Aim: Grinder (heavily wounded, ally target, about 50% to evade your +0 trident)
You reach to attack!
You barely miss Grinder.
Grinder is heavily wounded.
Your giant cockroach bites Grinder but does no damage.
Grinder hits your frilled lizard.
Your frilled lizard dies!
Your frilled lizard's corpse dissolves into shadows!
Your giant cockroach barely misses Grinder.
Casting: Freeze (safe; 1% risk of failure)
Confirm with . or Enter, or press ? or * to list all spells.
Aiming: Freeze (safe; 1% risk of failure)
Press: ? - help, Shift-Dir - straight line, f/p - Grinder
Aim: Grinder (heavily wounded, ally target)
You freeze Grinder but do no damage.
Grinder completely resists.
Your giant cockroach misses Grinder.
Grinder gestures at you. Pain shoots through your body!
You die...

#........#.#..#######.#
#........#.#..........#
########.#.##.#########
#.#.##.# #.#.##.#
########......#
........##.###########
#######.##.# #......#
### #.##.# #@#.#
#....#.#.####5.#
#.#.###...B..B##
###.##.#....###..#
.............##.#.#
###.#####...###..?..
##.## ####### #.# # #.#


You could see Grinder (ally target) and a friendly giant cockroach (summoned).

Vanquished Creatures
  An orc priest (D:3)
  Jessica (D:2)
  2 adders (D:3)
  A worm (D:2)
  5 orcs (D:3)
  5 ball pythons
  8 endoplasms
  2 giant cockroaches
  9 hobgoblins
  6 kobolds
  2 quokkas
  4 bats
  4 frilled lizards
  10 goblins
  6 rats
66 creatures vanquished.

Notes
Turn   | Place    | Note
-------+----------+-------------------------------------------
     0 | D:1      | GeorgeSoros the Demonspawn Ice Elementalist began the quest
                  | for the Orb.
     0 | D:1      | Reached XP level 1. HP: 13/13 MP: 3/3
   267 | D:1      | Reached skill level 1 in Armour
   267 | D:1      | Gained mutation: You have sharp fingernails. [demonic
                  | ancestry]
   267 | D:1      | Reached XP level 2. HP: 19/19 MP: 5/5
   417 | D:1      | Reached skill level 4 in Ice Magic
  1004 | D:2      | Reached XP level 3. HP: 24/24 MP: 6/6
  1049 | D:1      | Learned a level 3 spell: Frozen Ramparts
  1188 | D:2      | Found a blossoming altar of Fedhas.
  1367 | D:2      | Noticed Jessica
  1373 | D:2      | Killed Jessica
  1374 | D:2      | Reached XP level 4. HP: 29/30 MP: 4/7
  1427 | D:2      | Found a faded altar of an unknown god.
  1774 | D:2      | Learned a level 3 spell: Ozocubu's Armour
  2723 | D:3      | Gained mutation: You have very sharp fingernails. [demonic
                  | ancestry]
  2723 | D:3      | Reached XP level 5. HP: 6/35 MP: 0/8
  3150 | D:3      | Noticed Grinder
  3172 | D:3      | Paralysed by Grinder for 5 turns
  3187 | D:3      | Killed from afar by Grinder

Illustrated notes

Levels and vault maps discovered:
D:1:      minmay_arrival_hallway, layout_rooms,
          hangedman_abyss_or_decor_lesser_grid
D:2:      layout_basic, hellmonk_ecumenical_altar_heavens_door, basic_altar,
          amethyst_killhole, uniq_jessica
D:3:      layout_loops_corners, kennysheep_nub, uniq_grinder

Skill      XL: |  1  2  3  4 |
---------------+-------------+-----
Armour         | 1 2 3 |  3.0
Ice Magic      | 4 |  4.8
Dodging        | |  1.7
Stealth        | |  1.7
Spellcasting   | |  2.0

Action                   |  1- 3 |  4- 6 || total
-------------------------+-------+-------++-------
Melee: Hand axe          |    12 |       ||    12
       Trident           |    66 |    75 ||   141
 Cast: Freeze            |    22 |     8 ||    30
       Frozen Ramparts   |       |     7 ||     7
       Ozocubu's Armour  |       |     6 ||     6
  Use: Scroll            |     5 |     3 ||     8
 Stab: Sleeping          |     5 |     2 ||     7
       Distracted        |       |     1 ||     1
Armor: Robe              |     2 |       ||     2
       Leather armour    |    18 |    17 ||    35
Dodge: Dodged            |    55 |    33 ||    88

Table legend: (Time is in decaauts)
 A = Elapsed time spent in this place.
 B = Non-inter-level travel time spent in this place.
 C = Inter-level travel time spent in this place.
 D = Time resting spent in this place.
 E = Time spent auto-exploring this place.
 F = Levels seen in this place.
 G = Mean time per level.
                   A        B        C        D        E       F      G
               +--------+--------+--------+--------+--------+-----+--------+
         Total |   3232 |   3061 |    171 |    307 |   2187 |   3 | 1077.3 |
       Dungeon |   3232 |   3061 |    171 |    307 |   2187 |   3 | 1077.3 |
               +--------+--------+--------+--------+--------+-----+--------+

Top non-repeatable levels by time:
     D:1: 1141 daAuts
     D:2: 1068 daAuts
     D:3: 1023 daAuts
